 Dungeon Crawl Stone Soup version 0.31-a0-150-g89dc3ad700 (webtiles) character file.

Game seed: 10558884352287416447

14312 qw the Marksgargoyle (level 12, -2/77 HPs)
             Began as a Gargoyle Hunter on June 8, 2023.
             Was a Priest of Okawaru.
             Slain by a hell rat (8 damage)
             ... on level 1 of the Lair of Beasts.
             The game lasted 00:05:31 (11065 turns).

qw the Marksgargoyle (Gargoyle Hunter)             Turns: 11065, Time: 00:05:32

Health: -2/77      AC: 34    Str: 19    XL:     12   Next: 15%
Magic:  15/15      EV: 16    Int: 14    God:    Okawaru [***...]
Gold:   847        SH:  5    Dex: 17    Spells: 11/11 levels left

rFire   + + .        Y - +0 orcbow
rCold   . . .        (shield currently unavailable)
rNeg    + + .        c - +5 ring mail of Detoamomn {rPois rF++ Str+3 Slay-5}
rPois   inf          l - +0 helmet
rElec   +            e - +0 cloak
rCorr   .            g - +1 pair of gloves
SInv    .            a - +2 pair of boots "Qocuosse" {rPois rN+ Int+4}
Will    +....        i - amulet of reflection
Stlth   +++          s - +4 ring of protection
HPRegen 0.32/turn    p - ring of willpower
MPRegen 0.14/turn

%: reflection
@: about to teleport, heroic
A: sickness immunity, AC +8, negative energy resistance 1, electricity
resistance, torment resistance 1, petrification resistance
a: Renounce Religion, Heroism


You were on level 1 of the Lair of Beasts.
You worshipped Okawaru.
Okawaru was most pleased with you.
You visited 3 branches of the dungeon, and saw 12 of its levels.

You collected 1183 gold pieces.
You spent 336 gold pieces at shops.


Innate Abilities, Weirdness & Mutations

You are immune to sickness and miasma.
Your stone body is resilient. (AC +8)
You are immune to poison.
You resist negative energy. (rN+)
You are resistant to electric shocks. (rElec)
You are resistant to unholy torment.
You are immune to petrification.


   Skills:
 - Level 10.0(15.0) Fighting
 + Level 15.4(20.4) Ranged Weapons
 - Level 6.1(11.1) Armour
 - Level 4.1(9.1) Dodging
 - Level 1.1(6.1) Stealth
 - Level 4.0 Invocations


You had 11 spell levels left.
You didn't know any spells.
Your spell library was empty.

Inventory:

Hand Weapons
 Y - a +0 orcbow (weapon)
Armour
 a - the +2 pair of boots "Qocuosse" (worn) {rPois rN+ Int+4}
   (You acquired it on level 1 of the Dungeon)

   Int:       It affects your intelligence (+4).
   rPois:     It protects you from poison.
   rN:        It protects you from negative energy.
 c - the +5 ring mail of Detoamomn (worn) {rPois rF++ Str+3 Slay-5}
   (You found it on level 10 of the Dungeon)

   Str:       It affects your strength (+3).
   Slay:      It affects your accuracy & damage with ranged weapons and melee
   (-5).
   rF:        It greatly protects you from fire.
   rPois:     It protects you from poison.
 d - a +4 ring mail of poison resistance
 e - a +0 cloak (worn)
 g - a +1 pair of gloves (worn)
 l - a +0 helmet (worn)
Jewellery
 h - a ring of fire
 i - an amulet of reflection (around neck)
 n - a ring of fire
 p - a ring of willpower (right hand)
 q - a ring of ice
 s - a +4 ring of protection (left hand)
Scrolls
 m - a scroll of teleportation
 x - a scroll of identify
Potions
 b - a potion of resistance
 f - a potion of cancellation
 j - 3 potions of haste
 k - 2 potions of might
 o - 5 potions of curing
 r - a potion of experience {unknown}

Dungeon Overview and Level Annotations

Branches:
Dungeon (10/15)            Temple (1/1) D:7            Lair (1/5) D:10
    Orc: D:9-12

Altars:
Ashenzari
Cheibriados
Dithmenos
Elyvilon
Fedhas
Gozag
Hepliaklqana
Kikubaaqudgha
Makhleb
Nemelex Xobeh
Okawaru
Qazlal
Ru
Sif Muna
Trog
Uskayaw
Vehumet
Wu Jian
Xom
Yredelemnul
Zin
The Shining One

Shops:
D:2 *   D:8 [


Message History

You block the hell rat's attack. The hell rat misses you.
The komodo dragon bites you!
The hell rat bites you but does no damage.
The cane toad stings you but does no damage.
You shoot an arrow. The arrow hits the cane toad!
You kill the cane toad!
Okawaru accepts your kill.
Okawaru will now gift you throwing weapons as you gain piety.
You block the hell rat's attack. The hell rat closely misses you.
You shoot an arrow. The arrow hits the komodo dragon.
The komodo dragon is lightly wounded.
The hell rat barely misses you. You block the komodo dragon's attack.
The hell rat bites you but does no damage.
The hell rat misses you.
You shoot an arrow. The arrow hits the komodo dragon!
The komodo dragon is moderately wounded.
The hell rat barely misses you.
The komodo dragon bites you but does no damage.
The hell rat closely misses you.
The hell rat bites you but does no damage.
You shoot an arrow.
The arrow closely misses the komodo dragon.
The hell rat completely misses you. The hell rat misses you.
The komodo dragon bites you.
You shoot an arrow. The arrow hits the komodo dragon.
The komodo dragon is moderately wounded.
The hell rat misses you. The hell rat bites you. The hell rat misses you.
The komodo dragon bites you!!
11064 ||| READING 2 scrolls of teleportation.
As you read the scroll of teleportation, it crumbles to dust.
You feel strangely unstable. The hell rat closely misses you.
The hell rat bites you. The hell rat closely misses you.
The komodo dragon bites you but does no damage.
The hell rat completely misses you.
You shoot an arrow.
The arrow hits the komodo dragon but does no damage.
The komodo dragon is moderately wounded.
The hell rat bites you!
You die...

##........###
###.P###..P# .### ####
#..## ..... ##.# .....#
#.## ......# #..#
.......## ##.##
......r.### #.%#
......%@..# #...
......rlr.## ###.#
...........## ##....
....%.......### ##...#.
........~.~~..####......
.........~~~~~.#P.......
.......~~~~~~~..........
........~~~~~~..........
.......~~~~~~.........


You could see a komodo dragon and 3 hell rats.

Vanquished Creatures
  Snorg (D:10)
  Fannar (D:10)
  Erica (D:8)
  Lodul (D:10)
  An ugly thing (D:7)
  An elephant (D:10)
  A black mamba (Lair:1)
  Joseph (D:9)
  3 cane toads (Lair:1)
  2 polar bears (D:10)
  3 trolls (D:7)
  A hornet (D:7)
  A slime creature (D:7)
  A shadow (D:6)
  15 yaks
  A vampire (D:10)
  3 wyverns
  2 basilisks (D:10)
  2 steam dragons
  8 water moccasins
  A sky beast (D:8)
  2 ice beasts (D:10)
  A black bear (D:7)
  8 ogres
  2 wolves (D:10)
  5 centaurs
  2 phantoms
  4 kobold brigands
  5 bullfrogs (D:7)
  3 scorpions
  3 killer bees (D:9)
  A howler monkey (D:9)
  2 electric eels
  5 orc priests
  2 hounds (D:5)
  2 jellies (D:4)
  2 gnoll boudas (D:8)
  4 iguanas
  2 sleepcaps (D:7)
  12 orc wizards
  3 hell rats (Lair:1)
  A centaur simulacrum (D:10)
  7 adders
  11 gnolls
  4 white imps
  3 ufetubi
  3 worms (D:2)
  3 dart slugs
  36 orcs
  6 ball pythons
  5 bats
  5 endoplasms
  4 giant cockroaches
  7 goblins
  5 hobgoblins
  5 jackals (D:2)
  5 quokkas
  4 frilled lizards
  13 kobolds
  5 rats
253 creatures vanquished.

Vanquished Creatures (others)
  An orc wizard (D:9)
  An orc (D:10)
2 creatures vanquished.

Grand Total: 255 creatures vanquished

Notes
Turn   | Place    | Note
-------+----------+-------------------------------------------
     0 | D:1      | qw the Gargoyle Hunter began the quest for the Orb.
     0 | D:1      | Reached XP level 1. HP: 12/12 MP: 1/1
     0 | D:1      | 0 ||| qw: Version: 0.2-a-120-gdf1a93b
     0 | D:1      | 0 ||| qw: Game counter: 2988
     0 | D:1      | 0 ||| qw: Always use a shield: true
     0 | D:1      | 0 ||| qw: God list: Okawaru
     0 | D:1      | 0 ||| qw: Allow faded altars: false
     0 | D:1      | 0 ||| qw: Do Orc after D:15 true
     0 | D:1      | 0 ||| qw: Do second Lair branch before Depths: true
     0 | D:1      | 0 ||| qw: Lair rune preference: random
     0 | D:1      | 0 ||| qw: Plans: Normal
     0 | D:1      | 0 ||| PLANNING D:1-11
   260 | D:1      | Reached XP level 2. HP: 17/17 MP: 2/2
   352 | D:1      | Reached XP level 3. HP: 21/21 MP: 3/3
   389 | D:1      | Reached skill level 5 in Ranged Weapons
   507 | D:1      | 507 ||| DROPPING +1 heavy sling.
   565 | D:1      | 565 ||| UPGRADING to +0 ring mail.
   575 | D:1      | 575 ||| DROPPING +0 leather armour.
   576 | D:1      | 576 ||| UPGRADING to +0 helmet.
   581 | D:1      | 581 ||| UPGRADING to amulet of reflection.
   586 | D:1      | 586 ||| READING scroll labelled ZOUQAI ADUCH.
   587 | D:1      | 587 ||| READING scroll labelled HORO SEMIREMM.
   588 | D:1      | 588 ||| READING scroll labelled MAICOCRIHUA.
   589 | D:1      | 589 ||| READING 2 scrolls labelled NOPRUA VANA.
   690 | D:1      | 690 ||| READING scroll labelled VASMATS TOSCHIS.
   690 | D:1      | Identified a scroll of acquirement
   690 | D:1      | 690 ||| ACQUIRING +2 pair of boots "Qocuosse" {rPois rN+
                  | Int+4}
   690 | D:1      | Acquired the +2 pair of boots "Qocuosse" {rPois rN+ Int+4}
   692 | D:1      | 692 ||| UPGRADING to +2 pair of boots "Qocuosse" {rPois rN+
                  | Int+4}.
   697 | D:1      | 697 ||| DRINKING 2 fuming cyan potions.
   698 | D:1      | 698 ||| DRINKING 2 orange potions.
   699 | D:1      | 699 ||| DROPPING scroll of butterflies.
   700 | D:1      | 700 ||| DROPPING scroll of silence.
   740 | D:2      | 740 ||| STAIRDANCE
   839 | D:2      | Reached skill level 1 in Armour
   870 | D:2      | Reached skill level 3 in Fighting
   870 | D:2      | Reached XP level 4. HP: 28/28 MP: 4/4
   884 | D:2      | Found Deushryaco's General Store.
   887 | D:2      | 887 ||| SHOPLISTING +1 helmet "Binuuf" {rN+++ rCorr Int-3}
                  | (368 gold, have 53).
   887 | D:2      | 887 ||| SHOPLISTING +3 ring mail of fire resistance (260
                  | gold, have 53).
  1276 | D:2      | 1276 ||| READING scroll labelled SAHALU WAFO.
  1280 | D:2      | 1280 ||| READING scroll labelled EGU RAEDDYIFU.
  1281 | D:2      | 1281 ||| DRINKING 2 fuming black potions.
  1385 | D:2      | 1385 ||| DROPPING potion of berserk rage.
  1522 | D:3      | 1522 ||| DRINKING potion of curing.
  1522 | D:3      | 1522 ||| (to cure confusion)
  1533 | D:3      | Reached XP level 5. HP: 22/32 MP: 5/5
  1543 | D:3      | HP: 8/32 [something/puff of flame (4)]
  1550 | D:3      | HP: 3/32 [something/magic dart (6)]
  1601 | D:3      | 1601 ||| FLEEEEING.
  1602 | D:3      | 1602 ||| FLEEEEING.
  1603 | D:3      | 1603 ||| FLEEEEING.
  1606 | D:3      | 1606 ||| FLEEEEING.
  1607 | D:3      | 1607 ||| FLEEEEING.
  1608 | D:3      | 1608 ||| FLEEEEING.
  1609 | D:3      | 1609 ||| FLEEEEING.
  1610 | D:3      | 1610 ||| FLEEEEING.
  1613 | D:3      | 1613 ||| STAIRDANCE
  1660 | D:2      | 1660 ||| READING scroll labelled HUEZ CESMEGUP.
  1801 | D:3      | Reached skill level 6 in Ranged Weapons
  2029 | D:3      | Found a blossoming altar of Fedhas.
  2032 | D:3      | Found an ancient bone altar of Kikubaaqudgha.
  2075 | D:3      | 2075 ||| UPGRADING to +0 cloak.
  2080 | D:3      | 2080 ||| UPGRADING to +0 pair of gloves.
  2085 | D:3      | 2085 ||| READING scroll labelled VUQEKHL CYETZIT.
  2135 | D:4      | Reached XP level 6. HP: 38/38 MP: 6/6
  2135 | D:4      | Found a shimmering blue altar of Sif Muna.
  2229 | D:4      | 2229 ||| READING scroll of enchant armour.
  2229 | D:4      | 2229 ||| ENCHANTING +0 pair of gloves.
  2606 | D:4      | 2606 ||| DRINKING potion of curing.
  2606 | D:4      | 2606 ||| (to cure confusion)
  2755 | D:4      | Found a snail-covered altar of Cheibriados.
  2795 | D:4      | Reached skill level 7 in Ranged Weapons
  2795 | D:4      | Reached XP level 7. HP: 38/43 MP: 7/7
  3030 | D:4      | 3030 ||| READING scroll labelled EFOGOG LOXAD.
  3031 | D:4      | 3031 ||| DRINKING 3 fuming purple potions.
  3087 | D:5      | Entered Level 5 of the Dungeon
  3320 | D:5      | Reached skill level 8 in Ranged Weapons
  3681 | D:5      | Identified the +6 shortbow of Budish {freeze, rElec rPois
                  | Dex-4 Stlth+}
  3683 | D:5      | 3683 ||| SWAPPING to +6 shortbow of Budish {freeze, rElec
                  | rPois Dex-4 Stlth+}.
  3684 | D:5      | 3684 ||| DROPPING +0 shortbow.
  4013 | D:5      | 4013 ||| UPGRADING to +4 ring of protection.
  4250 | D:6      | Noticed a shadow
  4257 | D:6      | HP: 7/44 [something (16)]
  4258 | D:6      | 4258 ||| READING scroll of teleportation.
  4441 | D:6      | Killed a shadow
  4442 | D:6      | Reached XP level 8. HP: 49/49 MP: 8/8
  5305 | D:6      | 5305 ||| UPGRADING to ring of willpower.
  5306 | D:6      | 5306 ||| DRINKING 2 yellow potions.
  5341 | D:7      | Noticed a yak
  5342 | D:7      | Noticed a yak
  5343 | D:7      | Noticed a yak
  5343 | D:7      | Noticed a yak
  5343 | D:7      | Noticed a yak
  5344 | D:7      | Noticed a yak
  5353 | D:7      | Killed a yak
  5354 | D:7      | Reached skill level 9 in Ranged Weapons
  5358 | D:7      | Killed a yak
  5359 | D:7      | Reached skill level 6 in Fighting
  5368 | D:7      | Killed a yak
  5368 | D:7      | HP: 12/51 [yak (9)]
  5372 | D:7      | Killed a yak
  5373 | D:7      | Reached skill level 10 in Ranged Weapons
  5373 | D:7      | Reached XP level 9. HP: 14/55 MP: 9/9
  5373 | D:7      | HP: 5/55 [yak (9)]
  5624 | D:7      | 5624 ||| FLEEEEING.
  5626 | D:7      | 5626 ||| FLEEEEING.
  5627 | D:7      | 5627 ||| FLEEEEING.
  5628 | D:7      | 5628 ||| FLEEEEING.
  5629 | D:7      | 5629 ||| FLEEEEING.
  5630 | D:7      | 5630 ||| FLEEEEING.
  5631 | D:7      | 5631 ||| FLEEEEING.
  5633 | D:7      | 5633 ||| FLEEEEING.
  5635 | D:7      | 5635 ||| FLEEEEING.
  5636 | D:7      | 5636 ||| FLEEEEING.
  5637 | D:7      | 5637 ||| FLEEEEING.
  5638 | D:7      | 5638 ||| FLEEEEING.
  5639 | D:7      | 5639 ||| FLEEEEING.
  5640 | D:7      | 5640 ||| FLEEEEING.
  5641 | D:7      | 5641 ||| FLEEEEING.
  5642 | D:7      | 5642 ||| FLEEEEING.
  5643 | D:7      | 5643 ||| FLEEEEING.
  5644 | D:7      | 5644 ||| FLEEEEING.
  5645 | D:7      | 5645 ||| FLEEEEING.
  5672 | D:7      | Found a basalt altar of Yredelemnul.
  5736 | D:7      | Found a white marble altar of Elyvilon.
  5865 | D:7      | Reached skill level 11 in Ranged Weapons
  5866 | D:7      | 5866 ||| FLEEEEING.
  5867 | D:7      | 5867 ||| FLEEEEING.
  5868 | D:7      | 5868 ||| FLEEEEING.
  5869 | D:7      | 5869 ||| FLEEEEING.
  5874 | D:7      | 5874 ||| FLEEEEING.
  5875 | D:7      | 5875 ||| FLEEEEING.
  5876 | D:7      | 5876 ||| FLEEEEING.
  5877 | D:7      | 5877 ||| FLEEEEING.
  5881 | D:7      | 5881 ||| FLEEEEING.
  5882 | D:7      | 5882 ||| FLEEEEING.
  5883 | D:7      | 5883 ||| FLEEEEING.
  5884 | D:7      | 5884 ||| FLEEEEING.
  5885 | D:7      | 5885 ||| FLEEEEING.
  5886 | D:7      | 5886 ||| FLEEEEING.
  5887 | D:7      | 5887 ||| FLEEEEING.
  5888 | D:7      | 5888 ||| FLEEEEING.
  5889 | D:7      | 5889 ||| FLEEEEING.
  5890 | D:7      | 5890 ||| FLEEEEING.
  5891 | D:7      | 5891 ||| FLEEEEING.
  5895 | D:7      | 5895 ||| FLEEEEING.
  5896 | D:7      | 5896 ||| FLEEEEING.
  5897 | D:7      | 5897 ||| FLEEEEING.
  5899 | D:7      | 5899 ||| FLEEEEING.
  5900 | D:7      | 5900 ||| FLEEEEING.
  5901 | D:7      | 5901 ||| FLEEEEING.
  5902 | D:7      | 5902 ||| FLEEEEING.
  5906 | D:7      | 5906 ||| FLEEEEING.
  5907 | D:7      | 5907 ||| FLEEEEING.
  5908 | D:7      | 5908 ||| FLEEEEING.
  5909 | D:7      | 5909 ||| FLEEEEING.
  5910 | D:7      | 5910 ||| FLEEEEING.
  5911 | D:7      | 5911 ||| FLEEEEING.
  5912 | D:7      | 5912 ||| FLEEEEING.
  5920 | D:7      | 5920 ||| FLEEEEING.
  5921 | D:7      | 5921 ||| STAIRDANCE
  6025 | D:7      | Noticed a hornet
  6036 | D:7      | Killed a hornet
  6065 | D:7      | Noticed a troll
  6069 | D:7      | Killed a troll
  6070 | D:7      | Reached XP level 10. HP: 64/64 MP: 10/10
  6090 | D:7      | Noticed a cyan ugly thing
  6102 | D:7      | Killed a cyan ugly thing
  6103 | D:7      | Reached skill level 12 in Ranged Weapons
  6209 | D:7      | 6209 ||| SWAPPING to +0 orcbow.
  6210 | D:7      | 6210 ||| DROPPING +6 shortbow of Budish {freeze, rElec
                  | rPois Dex-4 Stlth+}.
  6229 | D:7      | Reached skill level 3 in Dodging
  6328 | D:7      | Found a staircase to the Ecumenical Temple.
  6329 | D:7      | 6329 ||| PLANNING TEMPLE
  6329 | D:7      | 6329 ||| UPGRADING to +0 steam dragon scales.
  6339 | D:7      | 6339 ||| DROPPING +0 ring mail.
  6349 | Temple   | Entered the Ecumenical Temple
  6374 | Temple   | 6374 ||| PLANNING OKAWARU WORSHIP
  6486 | Temple   | Became a worshipper of Warmaster Okawaru
  6486 | Temple   | 6486 ||| PLANNING D:1-11
  7020 | D:7      | 7020 ||| READING scroll labelled EMALU ELATHRE.
  7063 | D:8      | 7063 ||| STAIRDANCE
  7199 | D:8      | Noticed Erica
  7228 | D:8      | HP: 13/64 [Erica/lance of force (28)]
  7229 | D:8      | 7229 ||| READING 2 scrolls of teleportation.
  7235 | D:8      | 7235 ||| FLEEEEING.
  7236 | D:8      | 7236 ||| FLEEEEING.
  7237 | D:8      | 7237 ||| FLEEEEING.
  7238 | D:8      | 7238 ||| READING scroll of teleportation.
  7239 | D:8      | Killed Erica
  7239 | D:8      | Reached * piety under Okawaru
  7240 | D:8      | Reached skill level 13 in Ranged Weapons
  7240 | D:8      | 7240 ||| INVOKING Heroism.
  7250 | D:8      | HP: 12/64 [kobold brigand/+0 club (4)]
  7254 | D:8      | 7254 ||| INVOKING Heroism.
  7314 | D:8      | 7314 ||| INVOKING Heroism.
  7315 | D:8      | 7315 ||| INVOKING Heroism.
  7818 | D:8      | Found Ylifi's Armour Boutique.
  7822 | D:8      | 7822 ||| BUYING +4 ring mail of poison resistance (336
                  | gold).
  7822 | D:8      | Bought a +4 ring mail of poison resistance for 336 gold
                  | pieces
  7979 | D:8      | 7979 ||| UPGRADING to +4 ring mail of poison resistance.
  7989 | D:8      | 7989 ||| DROPPING +0 steam dragon scales.
  7990 | D:8      | 7990 ||| DRINKING 2 bubbling red potions.
  7991 | D:8      | 7991 ||| DRINKING 2 red potions.
  7992 | D:8      | 7992 ||| READING 3 scrolls of identify.
  7992 | D:8      | 7992 ||| IDENTIFYING black potion
  7993 | D:8      | 7993 ||| READING 2 scrolls of identify.
  7993 | D:8      | 7993 ||| IDENTIFYING emerald potion
  7994 | D:8      | 7994 ||| DROPPING potion of enlightenment.
  7995 | D:8      | 7995 ||| DROPPING potion of degeneration.
  7996 | D:8      | 7996 ||| DROPPING potion of attraction.
  8139 | D:9      | 8139 ||| Stepping ~*~*~tactically~*~*~ (outnumbered).
  8271 | D:9      | Reached skill level 9 in Fighting
  8382 | D:9      | Reached XP level 11. HP: 71/71 MP: 11/11
  8383 | D:9      | 8383 ||| READING scroll labelled XUPPON CEZITORCH.
  8390 | D:9      | Reached skill level 1 in Invocations
  8427 | D:9      | Noticed Joseph
  8438 | D:9      | 8438 ||| INVOKING Heroism.
  8453 | D:9      | Killed Joseph
  8622 | D:9      | 8622 ||| Stepping ~*~*~tactically~*~*~ (outnumbered).
  8624 | D:9      | 8624 ||| Stepping ~*~*~tactically~*~*~ (outnumbered).
  8626 | D:9      | 8626 ||| Stepping ~*~*~tactically~*~*~ (outnumbered).
  8630 | D:9      | 8630 ||| Stepping ~*~*~tactically~*~*~ (outnumbered).
  8682 | D:9      | Reached skill level 3 in Invocations
  8887 | D:9      | 8887 ||| READING scroll labelled LUMAINE RAUKKE.
  8927 | D:9      | 8927 ||| READING 2 scrolls of identify.
  8927 | D:9      | 8927 ||| IDENTIFYING coppery potion
  8928 | D:9      | 8928 ||| DROPPING potion of invisibility.
  8945 | D:10     | Entered Level 10 of the Dungeon
  8991 | D:10     | Identified the +5 ring mail of Detoamomn {rPois rF++ Str+3
                  | Slay-5}
  9080 | D:10     | Noticed Lodul
  9095 | D:10     | Killed Lodul
  9101 | D:10     | 9101 ||| INVOKING Heroism.
  9128 | D:10     | Reached ** piety under Okawaru
  9142 | D:10     | Reached skill level 14 in Ranged Weapons
  9143 | D:10     | 9143 ||| INVOKING Heroism.
  9268 | D:10     | Found a staircase to the Lair.
  9313 | D:10     | Reached skill level 6 in Armour
  9475 | D:10     | Found a broken altar of Ashenzari.
  9509 | D:10     | 9509 ||| INVOKING Heroism.
  9533 | D:10     | 9533 ||| INVOKING Heroism.
  9554 | D:10     | 9554 ||| FLEEEEING.
  9555 | D:10     | 9555 ||| FLEEEEING.
  9556 | D:10     | 9556 ||| FLEEEEING.
  9557 | D:10     | 9557 ||| FLEEEEING.
  9558 | D:10     | 9558 ||| FLEEEEING.
  9559 | D:10     | 9559 ||| FLEEEEING.
  9560 | D:10     | 9560 ||| FLEEEEING.
  9561 | D:10     | 9561 ||| FLEEEEING.
  9562 | D:10     | 9562 ||| FLEEEEING.
  9563 | D:10     | 9563 ||| STAIRDANCE
  9656 | D:9      | 9656 ||| UPGRADING to +5 ring mail of Detoamomn {rPois rF++
                  | Str+3 Slay-5}.
  9668 | D:10     | 9668 ||| INVOKING Heroism.
  9729 | D:10     | Identified the +2 barding of the Weak God {rElec rC++
                  | Will+++ MP-9}
  9772 | D:10     | 9772 ||| FLEEEEING.
  9773 | D:10     | 9773 ||| FLEEEEING.
  9774 | D:10     | 9774 ||| FLEEEEING.
  9805 | D:10     | 9805 ||| INVOKING Heroism.
  9826 | D:10     | 9826 ||| Stepping ~*~*~tactically~*~*~ (outnumbered).
  9829 | D:10     | 9829 ||| Stepping ~*~*~tactically~*~*~ (outnumbered).
  9835 | D:10     | 9835 ||| INVOKING Heroism.
  9836 | D:10     | 9836 ||| Stepping ~*~*~tactically~*~*~ (outnumbered).
  9837 | D:10     | 9837 ||| Stepping ~*~*~tactically~*~*~ (outnumbered).
  9897 | D:10     | 9897 ||| INVOKING Heroism.
  9969 | D:10     | Noticed Fannar
  9978 | D:10     | 9978 ||| INVOKING Heroism.
 10007 | D:10     | 10007 ||| INVOKING Heroism.
 10012 | D:10     | Killed Fannar
 10261 | D:10     | Noticed Snorg
 10262 | D:10     | 10262 ||| INVOKING Heroism.
 10293 | D:10     | Killed Snorg
 10449 | D:10     | 10449 ||| PLANNING LAIR
 10503 | Lair:1   | Entered Level 1 of the Lair of Beasts
 10603 | Lair:1   | 10603 ||| INVOKING Heroism.
 10647 | Lair:1   | 10647 ||| INVOKING Heroism.
 10667 | Lair:1   | Reached XP level 12. HP: 67/77 MP: 15/15
 10723 | Lair:1   | Reached skill level 15 in Ranged Weapons
 10740 | Lair:1   | Reached *** piety under Okawaru
 10748 | Lair:1   | 10748 ||| INVOKING Heroism.
 10760 | Lair:1   | HP: 18/77 [yak (8)]
 10761 | Lair:1   | 10761 ||| READING 3 scrolls of teleportation.
 10762 | Lair:1   | 10762 ||| DRINKING potion of heal wounds.
 10788 | Lair:1   | 10788 ||| INVOKING Heroism.
 11039 | Lair:1   | 11039 ||| INVOKING Heroism.
 11063 | Lair:1   | HP: 10/77 [komodo dragon (21)]
 11064 | Lair:1   | 11064 ||| READING 2 scrolls of teleportation.
 11065 | Lair:1   | Slain by a hell rat

Levels and vault maps discovered:
D:1:      scummos_arrival_hexagon, layout_loops_cross, dk_noncrumbling_4
D:2:      layout_rooms, serial_shops, nicolae_shop_tiny_real_fake_doors
D:3:      layout_basic, grunt_temple_overflow_growth_and_decay
D:4:      layout_basic, mainiacjoe_overflow_catch_the_wave, serial_bayou,
          serial_bayou_lagoon_a, serial_bayou_shore_b, serial_bayou_shore_a,
          serial_bayou_shore_b, grunt_decor_resistance
D:5:      layout_loops_cross, minmay_lizard_king
D:6:      layout_layer_cave
D:7:      nzn_winding_woodlands_small [nzn_winding_woodlands_5x15_twine,
          nzn_winding_woodlands_center_pierced_h,
          nzn_winding_woodlands_5x15_split_checker], layout_loops_corners,
          kennysheep_ying_yang, minmay_temple_entry_drinking_statues,
          minmay_diced_spiral
D:8:      layout_loops_ring, serial_shops, shop, kennysheep_cross_bottleneck,
          uniq_erica
D:9:      layout_loops_ring, uniq_joseph
D:10:     layout_loops_ring, lemuel_crystal_altar, david_lair_generic,
          serial_ice, serial_ice_h, serial_ice_o, serial_ice_i, serial_ice_e,
          uniq_snorg, uniq_fannar, uniq_lodul
Temple:   regret_index_temple_waves
Lair:1:   layout_cave_pods, infiniplex_staircase_pool

Skill      XL: |  1  2  3  4  5  6  7  8  9 10 11 12 |
---------------+-------------------------------------+-----
Ranged Weapons | 5 6 7 8 10 11 13 14 15 | 15.4
Armour         | 1 2 4 5 6 |  6.1
Fighting       | 3 4 5 6 8 9 10 | 10.0
Dodging        | 2 4 |  4.1
Invocations    | 4 |  4.0
Stealth        | |  1.1

Action                     |  1- 3 |  4- 6 |  7- 9 | 10-12 || total
---------------------------+-------+-------+-------+-------++-------
   Fire: Shortbow          |    86 |   268 |   262 |    38 ||   654
         Orcbow            |       |       |       |   802 ||   802
 Invoke: Heroism           |       |       |       |    20 ||    20
    Use: Scroll            |     5 |     5 |     2 |    10 ||    22
         Potion            |     2 |     3 |     2 |     3 ||    10
 Armour: Leather armour    |     7 |       |       |       ||     7
         Ring mail         |     8 |   104 |    75 |   234 ||   421
         Steam dragon scal |       |       |       |    48 ||    48
  Dodge: Dodged            |    18 |    90 |    68 |   401 ||   577
  Block: Other             |     3 |    55 |    34 |   140 ||   232
         Reflection        |     1 |       |       |     5 ||     6

Table legend:
 A = Non-vault XP
 B = Vault XP
 C = Vault XP percentage of total XP
 D = Non-vault monster count
 E = Vault monster count
 F = Vault count percentage of total count
                 A         B        C        D         E       F
            +---------+---------+-------+---------+---------+-------
      Total |    9944 |   10502 |  51.4 |     200 |      54 |  21.3
            +---------+---------+-------+---------+---------+-------
        D:1 |      53 |       0 |   0.0 |      22 |       0 |   0.0
        D:2 |      79 |       0 |   0.0 |      25 |       0 |   0.0
        D:3 |     181 |       0 |   0.0 |      21 |       0 |   0.0
        D:4 |     380 |       0 |   0.0 |      13 |       0 |   0.0
        D:5 |     335 |      38 |  10.2 |      17 |       4 |  19.0
        D:6 |     442 |       0 |   0.0 |       7 |       0 |   0.0
        D:7 |    1895 |    3647 |  65.8 |      19 |      25 |  56.8
        D:8 |     850 |     836 |  49.6 |      23 |       1 |   4.2
        D:9 |    1503 |     439 |  22.6 |      26 |       1 |   3.7
       D:10 |    1255 |    5542 |  81.5 |      13 |      23 |  63.9
     Lair:1 |    2971 |       0 |   0.0 |      14 |       0 |   0.0
            +---------+---------+-------+---------+---------+-------
